 Dungeon Crawl Stone Soup version 0.22-a0-135-g6f012ad (webtiles) character file.

35 KristoblXynda the Ducker (level 3, -4/17 HPs)
             Began as a Felid Monk on Jan 31, 2018.
             Slain by Terence
             ... wielding a +0 flail
              (11 damage)
             ... on level 2 of the Dungeon.
             The game lasted 00:02:13 (967 turns).

KristoblXynda the Ducker (Felid Monk)                Turns: 967, Time: 00:02:14

Health: -4/17      AC:  1    Str: 10    XL:     3   Next: 17%
Magic:  4/4        EV: 20    Int: 11    God:
Gold:   51         SH:  0    Dex: 18    Spells: 2/2 levels left
                                        Lives:  0   Deaths: 0

rFire    . . .     SeeInvis +     - Unarmed
rCold    . . .     Gourm    .   (shield unavailable)
rNeg     . . .     Faith    .   (armour unavailable)
rPois    .         Spirit   .   (helmet unavailable)
rElec    .         Reflect  .   (cloak unavailable)
rCorr    .         Harm     .   (gloves unavailable)
MR       .....                  (boots unavailable)
Stlth    +++.......             (no amulet)
HPRegen  0.05/turn              (no ring)
MPRegen  0.09/turn              (no ring)

@: quick
A: very small, no armour, no weapons or thrown items, stealth, claws 1, fangs 3,
see invisible, carnivore, speed 1, shaggy fur 1, slow metabolism 1, strong 1,
subdued magic 1, sharp paws
a: no special abilities


You were on level 2 of the Dungeon.
You were completely stuffed.

You visited 1 branch of the dungeon, and saw 2 of its levels.

You collected 51 gold pieces.

Inventory:

Scrolls
 e - a scroll of enchant armour {unknown}
Potions
 b - a potion of haste
Comestibles
 a - 4 rations
 c - 2 chunks of flesh


   Skills:
 + Level 3.3 Fighting
 + Level 4.5 Dodging
 + Level 3.5 Stealth
 + Level 3.3 Unarmed Combat


You had 2 spell levels left.
You didn't know any spells.

Dungeon Overview and Level Annotations

Branches:
Dungeon (2/15)

Altars:

Annotations:
D:2 Terence


Innate Abilities, Weirdness & Mutations

You cannot wear armour.
You are incapable of wielding weapons or throwing items.
Your paws allow you to move quietly. (Stealth)
You have sharp claws.
You have razor-sharp teeth.
You have supernaturally acute eyesight. (SInv)
You are carnivorous and can eat meat at any time.
You cover ground quickly.
You are covered in fur. (AC +1)
You have a slow metabolism.
Your sharp claws are effective at attacking unaware monsters.
Your muscles are strong. (Str +2)
Your spells are a little easier to cast, but a little less powerful.


Message History

Terence misses you.
Terence says, "Don't bother to defend, it's pointless."
It was a potion of mutation.
You feel extremely strange.
Your connection to magic feels subdued.
You feel stronger. Terence shouts, "Now you die!"
You scratch Terence.
Terence is severely wounded.
Terence completely misses you.
Some of the chunks of flesh in your inventory have rotted away.
You barely miss Terence.
Terence is severely wounded.
Terence closely misses you.
You scratch Terence. You bite Terence, but do no damage.
Terence is severely wounded.
Terence barely misses you.
You scratch Terence but do no damage.
Terence is severely wounded.
Terence hits you with a flail!
Ouch! That really hurt!
You die...

#..# # ##.## .#
#####...########.#
#.........J......#
♣###........#####.###
...........†## #.#
##.....J...# #.#
#.....###.# #.#
###.### #@# #.# #.#
#@# #J# #.# #J# #.#
#.#####.####.#
#............#
#...........######
#.###########


You could see Terence and an ooze.

Vanquished Creatures
  3 leopard geckos
  6 hobgoblins (D:1)
  2 jackals (D:1)
  4 kobolds
  2 bats
  3 frilled lizards (D:1)
  5 goblins (D:1)
  4 rats (D:1)
29 creatures vanquished.

Notes
Turn   | Place    | Note
-------+----------+-------------------------------------------
     0 | D:1      | KristoblXynda the Felid Monk began the quest for the Orb.
     0 | D:1      | Reached XP level 1. HP: 10/10 MP: 2/2
    96 | D:1      | Reached XP level 2. HP: 13/14 MP: 3/3
   691 | D:1      | Reached XP level 3. HP: 16/17 MP: 4/4
   910 | D:2      | Noticed Terence
   957 | D:2      | Gained mutation: Your spells are a little easier to cast, but a little less powerful. [potion of mutation]
   957 | D:2      | Gained mutation: Your muscles are strong. (Str +2) [potion of mutation]
   967 | D:2      | Slain by Terence

Vault maps used:
D:1:      evilmike_arrival_crescent
D:2:      first_ration, serial_bayou_ford_a, uniq_terence, uniq_robin

Skill      XL: |  1 |
---------------+----+-----
Stealth        | 3 |  3.5
Fighting       | |  3.3
Dodging        | |  4.5
Unarmed Combat | |  3.3

Action                   || total
-------------------------++-------
Melee: Unarmed           ||    74
       Bite              ||     7
  Use: Potion            ||     2
       Scroll            ||     1
 Stab: Sleeping          ||     7
  Eat: Chunk             ||     7
Armor: Skin              ||     6
Dodge: Dodged            ||    73

Table legend:
 A = Spawn XP
 B = Non-spawn XP
 C = Spawn XP percentage of total XP
 D = Spawn monster count
 E = Non-spawn monster count
 F = Spawn count percentage of total count
 G = Total turns spent on level
                    A         B        C        D         E        F      G
               +---------+---------+-------+---------+---------+-------+---------
         Total |       0 |      51 |   0.0 |       0 |      29 |   0.0 |   967
               +---------+---------+-------+---------+---------+-------+---------
           D:1 |       0 |      44 |   0.0 |       0 |      26 |   0.0 |   884
           D:2 |       0 |       7 |   0.0 |       0 |       3 |   0.0 |    83
               +---------+---------+-------+---------+---------+-------+---------
